 Dungeon Crawl Stone Soup version 0.30-a0-586-g23e55c9e0a (webtiles) character file.

Game seed: 11948266881628439157

59 cforsyth the Ruffian (level 4, -1/41 HPs)
             Began as a Ghoul Monk on Jan 3, 2023.
             Slain by a hobgoblin (4 damage)
             ... on level 3 of the Dungeon.
             The game lasted 00:01:49 (1582 turns).

cforsyth the Ruffian (Ghoul Monk)                   Turns: 1582, Time: 00:01:50

Health: -1/41      AC:  2    Str: 16    XL:     4   Next: 3%
Magic:  3/3        EV: 12    Int:  5    God:
Gold:   126        SH:  0    Dex: 11    Spells: 3/3 levels left

rFire   . . .      SeeInvis .      - Unarmed
rCold   + . .      Faith    .    (no shield)
rNeg    + + +      Spirit   .    a - +0 robe
rPois   ∞          Reflect  .    (no helmet)
rElec   .          Harm     .    (no cloak)
rCorr   .          Rampage  .    (no gloves)
Will    .....                    (no boots)
Stlth   ++                       (no amulet)
HPRegen 0.00/turn                (no ring)
MPRegen 0.08/turn                (no ring)

@: inhibited regen
A: claws 1, cold resistance 1, negative energy resistance 3, inhibited
regeneration, torment resistance 2, devour on kill
a: no special abilities


You were on level 3 of the Dungeon.
You visited 1 branch of the dungeon, and saw 3 of its levels.

You collected 126 gold pieces.

Inventory:

Armour
 a - a +0 robe (worn)
Scrolls
 c - a scroll of poison {unknown}
 f - a scroll of magic mapping {unknown}
 j - a scroll of amnesia {unknown}
 l - a scroll of identify {unknown}
 m - a scroll of immolation {unknown}
 n - a scroll of vulnerability {unknown}
 p - a scroll of enchant weapon {unknown}
Potions
 b - a potion of ambrosia
 d - a potion of might {unknown}
 e - 2 potions of mutation {unknown}
 g - a potion of magic {unknown}
 h - a potion of curing {unknown}
 i - a potion of cancellation {unknown}
 k - a potion of haste {unknown}
 o - a potion of heal wounds {unknown}


   Skills:
 + Level 4.3 Fighting
 - Level 2.6 Dodging
 - Level 2.1 Stealth
 + Level 4.4 Unarmed Combat


You had 3 spell levels left.
You didn't know any spells.
Your spell library contained the following spells:

 Spells                   Type           Power      Damage    Failure   Level
 Stone Arrow              Conj/Erth      0%         3d7       85%         3
 Animate Armour           Summ/Erth      0%         N/A       99%         4
 Lehudib's Crystal Spear  Conj/Erth      0%         10d2      100%        8


Dungeon Overview and Level Annotations

Branches:
Dungeon (3/15)

Altars:


Innate Abilities, Weirdness & Mutations

You are immune to poison.
You have sharp fingernails.
Your flesh is cold resistant. (rC+)
You are immune to negative energy. (rN+++)
You do not regenerate when monsters are visible.
You are immune to unholy pain and torment.
You thrive by killing the living.


Message History

You closely miss the adder.
The adder is lightly wounded.
The adder bites you. The orc barely misses you.
You closely miss the adder.
The adder is lightly wounded.
The adder bites you. The orc hits you with a +0 dagger.
You are too injured to fight recklessly!
You are too injured to fight recklessly!
You are too injured to fight recklessly!
The hobgoblin attacks as you move away! The hobgoblin hits you.
* * * LOW HITPOINT WARNING * * *
The adder bites you but does no damage.
There is a stone staircase leading up here.
The adder attacks as you move away! The adder barely misses you.
You miss the adder. Your claw misses the adder.
The adder is lightly wounded.
The adder bites you but does no damage.
You scratch the adder.
The adder is heavily wounded.
The adder bites you.
* * * LOW HITPOINT WARNING * * *
The adder barely misses you.
You closely miss the adder.
The adder is heavily wounded.
The adder bites you.
* * * LOW HITPOINT WARNING * * *
You barely miss the adder.
The adder is heavily wounded.
The adder misses you.
Unknown command.
You scratch the adder.
The adder is severely wounded.
The adder bites you.
* * * LOW HITPOINT WARNING * * *
You scratch the adder.
You kill the adder!
You have reached level 4!
You scratch the hobgoblin but do no damage.
The hobgoblin hits you.
You die...

#########
#.......##########
#...og@.......
........#######.##
#.###...# #..!#
#...# #...# #..#.
... .


You could see an orc and a hobgoblin.

Vanquished Creatures
  An adder (D:3)
  A gnoll (D:2)
  A dart slug (D:1)
  3 bats (D:1)
  2 endoplasms (D:1)
  4 giant cockroaches
  2 goblins
  6 hobgoblins
  3 quokkas
  A ball python (D:2)
  4 frilled lizards (D:1)
  4 kobolds
  5 rats (D:1)
37 creatures vanquished.

Notes
Turn   | Place    | Note
-------+----------+-------------------------------------------
     0 | D:1      | cforsyth the Ghoul Monk began the quest for the Orb.
     0 | D:1      | Reached XP level 1. HP: 19/19 MP: 0/0
    96 | D:1      | Reached XP level 2. HP: 26/26 MP: 1/1
   400 | D:1      | Reached XP level 3. HP: 27/33 MP: 2/2
   486 | D:1      | Found a faded altar of an unknown god.
  1582 | D:3      | Reached XP level 4. HP: 3/41 MP: 3/3
  1582 | D:3      | Slain by a hobgoblin

Illustrated notes

Levels and vault maps discovered:
D:1:      kennysheep_arrival_seaside, layout_rooms, serial_aquarium,
          aquarium_bridge_square [aquarium_subvault_bridge,
          aquarium_subvault_bridge, aquarium_subvault_wall,
          aquarium_subvault_bridge], aquarium_window_2, aquarium_window_corner,
          aquarium_view_2c, aquarium_balcony_3b, aquarium_pool_2,
          dreamdust_ecumenical_altar_hidden_monk_grotto
D:2:      layout_loops_ring, minmay_misc_feat_room, moated_statue,
          nrook_mini_backslash, kennysheep_generic_room_5
D:3:      layout_loops_ring, mainiacjoe_overflow_concentric_impassable

Skill      XL: |  1  2  3 |
---------------+----------+-----
Unarmed Combat | 4 |  4.4
Fighting       | 4 |  4.3
Dodging        | |  2.6
Stealth        | |  2.1

Action                   |  1- 3 |  4- 6 || total
-------------------------+-------+-------++-------
Melee: Unarmed           |   103 |     1 ||   104
 Stab: Sleeping          |     9 |       ||     9
Armor: Robe              |    18 |       ||    18
Dodge: Dodged            |    59 |       ||    59

Table legend: (Time is in decaauts)
 A = Elapsed time spent in this place.
 B = Non-inter-level travel time spent in this place.
 C = Inter-level travel time spent in this place.
 D = Time resting spent in this place.
 E = Time spent auto-exploring this place.
 F = Levels seen in this place.
 G = Mean time per level.
                   A        B        C        D        E       F      G
               +--------+--------+--------+--------+--------+-----+--------+
         Total |   1575 |   1509 |     66 |      0 |   1257 |   3 |  525.0 |
       Dungeon |   1575 |   1509 |     66 |      0 |   1257 |   3 |  525.0 |
               +--------+--------+--------+--------+--------+-----+--------+

Top non-repeatable levels by time:
     D:1: 877 daAuts
     D:2: 676 daAuts
     D:3: 21 daAuts
